 Dungeon Crawl Stone Soup version 0.30-a0-859-gf88a04b62d (webtiles) character file.

Game seed: 5458580322103948176

39 Dittersdorf the Covered (level 3, -3/24 HPs)
             Began as a Gargoyle Fighter on Mar 6, 2023.
             Slain by Sigmund
             ... wielding a +4 scythe of venom
              (10 damage)
             ... on level 3 of the Dungeon.
             The game lasted 00:01:48 (1420 turns).

Dittersdorf the Covered (Gargoyle Fighter)          Turns: 1420, Time: 00:01:48

Health: -3/24      AC: 12    Str: 21    XL:     3   Next: 47%
Magic:  3/3        EV:  7    Int:  8    God:
Gold:   107        SH:  4    Dex:  9    Spells: 2/2 levels left

rFire   . . .      SeeInvis .    a - +0 flail
rCold   . . .      Faith    .    c - +0 buckler
rNeg    + . .      Spirit   .    e - +0 chain mail
rPois   ∞          Reflect  .    (no helmet)
rElec   +          Rampage  .    (no cloak)
rCorr   .                        (no gloves)
Will    .....                    (no boots) Stlth
                                 (no amulet)
HPRegen 0.24/turn                (no ring)
MPRegen 0.08/turn                (no ring)

@: no status effects
A: sickness immunity, AC +3, negative energy resistance 1, electricity
resistance, torment resistance 1, petrification resistance
a: no special abilities


You were on level 3 of the Dungeon.
You visited 1 branch of the dungeon, and saw 3 of its levels.

You collected 107 gold pieces.

Inventory:

Hand Weapons
 a - a +0 flail (weapon)
Armour
 c - a +0 buckler (worn)
 e - a +0 chain mail (worn)
Scrolls
 f - 6 scrolls of identify {unknown}
 h - a scroll of teleportation {unknown}
 i - a scroll of vulnerability {unknown}
 m - a scroll of torment {unknown}
 n - a scroll of poison {unknown}
Potions
 b - a potion of mutation {unknown}
 d - a potion of might
 j - a potion of haste {unknown}
 k - a potion of invisibility {unknown}
 l - a potion of curing {unknown}


   Skills:
 + Level 3.7 Fighting
 + Level 2.5 Maces & Flails
 + Level 3.7 Armour
 + Level 3.7 Shields


You had 2 spell levels left.
You didn't know any spells.
Your spell library contained the following spells:

 Spells                   Type           Power      Damage    Failure   Level
 Lesser Beckoning         Tloc           0%         N/A       100%        2
 Gell's Gravitas          Tloc           0%         N/A       100%        3
 Teleport Other           Tloc           0%         N/A       100%        3
 Yara's Violent Unravell  Hex/Tmut       0%         3d3       100%        5
 Enfeeble                 Hex            0%         N/A       100%        7


Dungeon Overview and Level Annotations

Branches:
Dungeon (3/15)

Altars:

Shops:
D:1 ?   D:2 [

Annotations:
D:3 Sigmund


Innate Abilities, Weirdness & Mutations

You are immune to sickness and miasma.
Your stone body is resilient. (AC +3)
You are immune to poison.
You resist negative energy. (rN+)
You are resistant to electric shocks. (rElec)
You are resistant to unholy torment.
You are immune to petrification.


Message History

Aim: Sigmund, wielding a +4 scythe of venom and wearing a +0 robe (50% to hit)
You throw a poisoned dart.
The poisoned dart closely misses Sigmund.
Throw: dart (poison)
Press: ? - help, Q - select action Shift-Dir - straight line, f/p - Sigmund
Aim: Sigmund, wielding a +4 scythe of venom and wearing a +0 robe (50% to hit)
You throw a poisoned dart. The poisoned dart hits Sigmund.
Sigmund is poisoned.
Sigmund hits you but does no damage.
You sock Sigmund!
Sigmund is moderately wounded.
You barely miss Sigmund.
Sigmund is moderately wounded.
Sigmund screams, "I am the angel of ZOT!!!"
Sigmund hits you with a +4 scythe of venom.
You hit Sigmund but do no damage.
Sigmund is moderately wounded.
Sigmund points at you and mumbles some strange words.
You resist with significant effort. Sigmund hits you but does no damage.
You hit Sigmund.
Sigmund is severely wounded.
You closely miss Sigmund.
Sigmund is severely wounded.
Sigmund looks more healthy.
Sigmund hits you with a +4 scythe of venom!
You barely miss Sigmund.
Sigmund is severely wounded.
Sigmund casts a spell.
Sigmund flickers and vanishes!
Deactivating autopickup; reactivate with Ctrl-A.
You block something's attack.
You barely miss something. You hit something but do no damage.
Something hits you.
You closely miss something. Something completely misses you.
You completely miss something. You block something's attack.
You barely miss something. Something hits you.
You barely miss something. Something hits you.
* * * LOW HITPOINT WARNING * * *
You barely miss something. Something hits you but does no damage.
You miss something. Something hits you!
You die...

####
####.###..#.#
......{@<...#
.###.(....#.#
#..(........
#.#........#.#
# #..........
#.##########
#. #.


There were no monsters in sight!

Vanquished Creatures
  An adder (D:2)
  4 ball pythons
  5 endoplasms
  A goblin (D:2)
  5 hobgoblins
  A kobold (D:2)
  A quokka (D:2)
  6 bats
  3 frilled lizards
  A rat (D:1)
28 creatures vanquished.

Notes
Turn   | Place    | Note
-------+----------+-------------------------------------------
     0 | D:1      | Dittersdorf the Gargoyle Fighter began the quest for the
                  | Orb.
     0 | D:1      | Reached XP level 1. HP: 14/14 MP: 1/1
   150 | D:1      | Found The Oracle's Delphic Readings.
   357 | D:1      | Reached XP level 2. HP: 16/19 MP: 2/2
   750 | D:2      | Found Cuf Alesk's Antique Armour Shop.
  1010 | D:2      | Reached XP level 3. HP: 23/23 MP: 3/3
  1403 | D:3      | Noticed Sigmund
  1420 | D:3      | Slain by Sigmund

Illustrated notes

Levels and vault maps discovered:
D:1:      mrwooster_arrival_statue_3, layout_basic, nicolae_nh_oracle_at_delphi
D:2:      layout_basic, serial_shops, nicolae_square_shop
D:3:      layout_basic, lemuel_crystal_altar, uniq_ijyb, uniq_terence,
          uniq_sigmund

Action                     || total
---------------------------++-------
  Melee: Flail             ||   101
  Throw: Dart              ||     2
 Armour: Chain mail        ||    67
  Dodge: Dodged            ||    48
  Block: Buckler           ||    35

Table legend: (Time is in decaauts)
 A = Elapsed time spent in this place.
 B = Non-inter-level travel time spent in this place.
 C = Inter-level travel time spent in this place.
 D = Time resting spent in this place.
 E = Time spent auto-exploring this place.
 F = Levels seen in this place.
 G = Mean time per level.
                   A        B        C        D        E       F      G
               +--------+--------+--------+--------+--------+-----+--------+
         Total |   1452 |   1432 |     20 |      0 |   1175 |   3 |  484.0 |
       Dungeon |   1452 |   1432 |     20 |      0 |   1175 |   3 |  484.0 |
               +--------+--------+--------+--------+--------+-----+--------+

Top non-repeatable levels by time:
     D:1: 765 daAuts
     D:2: 665 daAuts
     D:3: 21 daAuts
